 Dungeon Crawl Stone Soup version 0.25.0-37-gb73750e0fb (webtiles) character file.

Game seed: 16645666489049692934

15834 protoss039 the Eclecticist (level 12, -13/71 HPs)
             Began as a Deep Elf Wizard on July 9, 2020.
             Was a Priest of Vehumet.
             Mangled by a death scarab (24 damage)
             ... in a Gauntlet.
             The game lasted 01:00:55 (16574 turns).

protoss039 the Eclecticist (Deep Elf Wizard)       Turns: 16574, Time: 01:00:56

Health: -13/71     AC: 12    Str:  4    XL:     12   Next: 4%
Magic:  3/35       EV: 13    Int: 30    God:    Vehumet [***...]
Gold:   556        SH:  5    Dex: 17    Spells: 23/45 levels left

rFire    . . .     SeeInvis .   h - +2 dagger (freeze)
rCold    + . .     Gourm    .   (no shield)
rNeg     . . .     Faith    .   M - +0 steam dragon scales
rPois    +         Spirit   .   L - +2 hat
rElec    +         Reflect  +   u - +2 cloak {rPois}
rCorr    .         Harm     .   (no gloves)
MR       +++..     NoTele   +   p - +0 pair of boots
Stlth    ++........             G - amulet of reflection
HPRegen  0.21/turn              C - ring "Jififyism" {rElec rPois Int-4 Dex+4}
MPRegen  0.24/turn              I - ring of the Mage {Wiz MR++ Int+3}

@: hasted and slowed
A: blurry vision 1, clever 1, cold resistance 1, mutation resistance 1
a: Renounce Religion


You were in a Gauntlet.
You worshipped Vehumet.
Vehumet was most pleased with you.
You were not hungry.

You visited 2 branches of the dungeon, and saw 14 of its levels.
You also visited: Gauntlet.

You collected 556 gold pieces.

Inventory:

Hand Weapons
 h - a +2 dagger of freezing (weapon)
 J - a +4 spear of flaming
Missiles
 D - 194 stones (quivered)
Armour
 p - a +0 pair of boots (worn)
 u - a +2 cloak of poison resistance (worn)
 L - a +2 hat (worn)
 M - +0 steam dragon scales (worn)
Jewellery
 j - an uncursed ring of positive energy
 v - a +4 ring of evasion {unknown}
 C - the ring "Jififyism" (left hand) {rElec rPois Int-4 Dex+4}
   (You found it on level 6 of the Dungeon)

   [ring of poison resistance]

   It affects your intelligence (-4).
   It affects your dexterity (+4).
   It insulates you from electricity.
   It protects you from poison.
 G - an amulet of reflection (around neck)
 I - the ring of the Mage (right hand) {Wiz MR++ Int+3}
   (You found it on level 8 of the Dungeon)

   [ring of wizardry]

   It improves your spell success rate.
   It affects your intelligence (+3).
   It affects your resistance to hostile enchantments.
Wands
 b - a wand of iceblast (12)
 n - a wand of digging (6)
 s - a wand of disintegration (17)
 w - a wand of polymorph (7)
 x - a wand of flame (12)
 E - a wand of paralysis (4)
 H - a wand of enslavement (11)
Scrolls
 c - 11 scrolls of remove curse
 i - 2 scrolls of immolation
 o - 3 scrolls of blinking
 r - a scroll of magic mapping
 y - 4 scrolls of fog
 A - 5 scrolls of teleportation
 F - a scroll of enchant weapon {unknown}
 K - a scroll of holy word {unknown}
 N - a scroll of summoning {unknown}
 O - a scroll of fear {unknown}
Potions
 a - 2 potions of brilliance {unknown}
 e - a potion of heal wounds
 f - 2 potions of degeneration {unknown}
 g - 3 potions of haste
 k - 3 potions of curing {unknown}
 l - 3 potions of mutation
 m - 5 potions of flight
 q - 4 potions of lignification {unknown}
 t - a potion of cancellation {unknown}
 z - a potion of might {unknown}
 B - 2 potions of stabbing {unknown}
Comestibles
 d - 15 rations


   Skills:
 * Level 6.8 Fighting
 - Level 4.0 Armour
 - Level 3.0 Dodging
 - Level 3.0 Stealth
 + Level 17.0 Spellcasting
 - Level 6.0 Conjurations
 - Level 1.0 Hexes
   Level 1.1 Summonings
   Level 1.1 Translocations
   Level 1.0 Fire Magic
 - Level 4.0 Air Magic
 - Level 8.0 Earth Magic
 - Level 2.0 Poison Magic


You had 23 spell levels left.
You knew the following spells:

 Your Spells              Type           Power        Failure   Level  Hunger
a - Magic Dart            Conj           ####         1%          1    None
b - Passwall              Tmut/Erth      #####...     1%          2    None
c - Stone Arrow           Conj/Erth      ######       1%          3    None
d - Slow                  Hex            ####....     1%          2    None
e - Lee's Rapid Deconstr  Erth           ######....   1%          5    None
f - Mephitic Cloud        Conj/Pois/Air  #####...     1%          3    None
g - Swiftness             Chrm/Air       #####...     1%          2    None
h - Airstrike             Air            #####.....   1%          4    None

Your spell library contained the following spells:

 Spells                   Type           Power        Failure   Level  Hunger
 Olgreb's Toxic Radiance  Pois           #####...     1%          4    None
 Corona                   Hex            ####...      1%          1    None
 Sandblast                Erth           ######       1%          1    None
 Shock                    Conj/Air       ####         1%          1    None
 Sting                    Tmut/Pois      ####         1%          1    None
 Blink                    Tloc           N/A          1%          2    None
 Call Imp                 Summ           ####....     1%          2    None
 Poisonous Vapours        Pois/Air       #####.       1%          2    None
 Conjure Flame            Conj/Fire      #####...     1%          3    None
 Ignite Poison            Fire/Tmut/Pois ####....     1%          3    None
 Inner Flame              Hex/Fire       ####....     1%          3    None
 Portal Projectile        Hex/Tloc       ####..       1%          3    None
 Static Discharge         Conj/Air       ######..     1%          3    None
 Leda's Liquefaction      Hex/Erth       ######....   1%          4    None
 Petrify                  Tmut/Erth      #####...     1%          4    None
 Lightning Bolt           Conj/Air       ######....   1%          5    None
 Cause Fear               Hex            ####......   4%          4    None


Dungeon Overview and Level Annotations

Branches:
Dungeon (13/15)            Temple (1/1) D:5            Lair (0/6) D:11
    Orc (0/2) D:12        Gauntlet (1/1)
 Vaults: D:13-14

Altars:
Ashenzari
Cheibriados
Dithmenos
Elyvilon
Fedhas
Gozag
Hepliaklqana
Kikubaaqudgha
Makhleb
Nemelex Xobeh
Okawaru
Qazlal
Ru
Sif Muna
Trog
Uskayaw
Vehumet
Wu Jian
Xom
Yredelemnul
Zin
The Shining One

Shops:
D:5 %   D:11 }

Annotations:
D:6 1 exclusion
D:7 1 exclusion
D:8 3 runed translucent doors, funkygono's ghost, novice DrCj Gauntlet 9 transporters


Innate Abilities, Weirdness & Mutations

Scrolls take you a little longer to read.
Your mind is acute. (Int +2)
Your flesh is cold resistant. (rC+)
You are somewhat resistant to further mutation.


Message History

Unknown command.
Unknown command.
You feel much better.
The death scarab waves its antennae. x2
The death scarab bites you.
The death scarab draws strength from your injuries!
The death scarab bites you but does no damage.
Unknown command.
Unknown command.
Really read with blurry vision while enemies are nearby?
The death scarab bites you!
The death scarab draws strength from your injuries!
You begin reading the scroll.
You continue reading the scroll.
You block the death scarab's attack. The death scarab bites you!!
* * * LOW HITPOINT WARNING * * *
The death scarab drains your vigour!
You feel as though you will be slow longer.
The death scarab draws strength from your injuries!
The death scarab bites you!!
You die...

###..###########...######
#8#..#.........#...#tbb..
###..#...###...#...#.#...
#..#....#....#...#...##
###..#.#.©#..#.#...#.#.#.
#8#..#.#######.#...#.#..©
###..#.#..#..#.#...#...##
#..#.s..#....#...#.###.
###..#..@#.#...#...#.#...
#8#..#...(©%=..#...#..).©
###§.###########...######
#......................
#§............§∩≈......
#######################
#8##≈...............
####8.8.8..©.©..8.8.
#≈...............


You could see a death scarab.

Vanquished Creatures
  A blizzard demon (Gauntlet)
  Harold (D:7)
  Erica (D:9)
  A centaur warrior (D:13)
  A death scarab (Gauntlet)
  Pikel (D:8)
  A cyclops (D:11)
  A centaur skeleton (D:11)
  2 kobold demonologists (D:11)
  A komodo dragon (D:11)
  Prince Ribbit (D:9)
  2 trolls
  Grinder (D:5)
  3 hippogriffs
  A spriggan (D:7)
  A water elemental (D:11)
  17 yaks
  3 hungry ghosts
  A steam dragon (D:11)
  Grum (D:9)
  A spectral komodo dragon (Gauntlet)
  Menkaure (D:5)
  A soldier ant (D:10)
  A spectral spiny frog (Gauntlet)
  2 acid dragons
  2 water moccasins (D:11)
  Duvessa (D:7)
  3 orc warriors
  3 slaves (D:8)
  3 ice beasts
  A black bear (D:11)
  A necrophage (D:6)
  An eye of draining (D:11)
  A phantom (D:6)
  5 ogres
  3 wolves (D:9)
  7 centaurs
  2 big kobolds
  5 bullfrogs
  A gnoll sergeant (D:9)
  Dowan (D:7)
  A scorpion (D:4)
  A water moccasin skeleton (D:6)
  10 wights
  4 killer bees (D:11)
  A howler monkey (D:5)
  An electric eel (D:11)
  A bullfrog zombie (D:6)
  2 crimson imps
  A quasit (D:6)
  6 hounds
  4 orc priests
  2 jellies
  6 orc wizards
  2 bullfrog skeletons
  Jessica (D:2)
  5 iguanas
  4 worker ants
  A hound zombie (D:9)
  2 hound skeletons (D:4)
  A howler monkey zombie (D:10)
  2 worker ant zombies
  8 gnolls
  A howler monkey skeleton (D:6)
  3 adders
  3 shadow imps
  An ooze (D:4)
  2 adder zombies (D:5)
  4 worms
  3 dart slugs
  4 leopard geckos
  23 orcs
  9 bats
  4 giant cockroaches
  4 goblins
  8 hobgoblins
  7 jackals
  17 kobolds
  3 quokkas (D:4)
  2 ball pythons (D:3)
  4 frilled lizards
  A giant cockroach zombie (D:5)
  A jackal zombie (D:6)
  4 rats
262 creatures vanquished.

Vanquished Creatures (others)
  A sky beast (D:5)
  26 plants
  A withered plant (Gauntlet)
28 creatures vanquished.

Grand Total: 290 creatures vanquished

Notes
Turn   | Place    | Note
-------+----------+-------------------------------------------
     0 | D:1      | protoss039 the Deep Elf Wizard began the quest for the Orb.
     0 | D:1      | Reached XP level 1. HP: 10/10 MP: 7/7
   154 | D:1      | Reached XP level 2. HP: 8/15 MP: 0/9
   428 | D:1      | Reached skill level 5 in Spellcasting
   745 | D:1      | Learned a level 2 spell: Blink
  1081 | D:1      | Reached XP level 3. HP: 19/19 MP: 11/11
  1291 | D:2      | Noticed Jessica
  1534 | D:2      | Found a hazy altar of Hepliaklqana.
  1906 | D:2      | Killed Jessica
  2068 | D:2      | Reached XP level 4. HP: 14/24 MP: 8/13
  2220 | D:2      | Found a bloodstained altar of Trog.
  2600 | D:3      | Learned a level 2 spell: Call Imp
  2603 | D:3      | Learned a level 2 spell: Slow
  3070 | D:3      | Found a sacrificial altar of Ru.
  3075 | D:3      | Reached skill level 6 in Spellcasting
  3075 | D:3      | Reached XP level 5. HP: 24/28 MP: 8/15
  3646 | D:4      | Learned a level 3 spell: Conjure Flame
  3673 | D:4      | Found an iron altar of Okawaru.
  3673 | D:4      | Found a shimmering blue altar of Sif Muna.
  3961 | D:4      | Reached XP level 6. HP: 12/33 MP: 7/17
  4165 | D:4      | Reached skill level 1 in Hexes
  4173 | D:4      | Learned a level 3 spell: Mephitic Cloud
  4254 | D:4      | Reached skill level 1 in Fire Magic
  4652 | D:4      | Reached skill level 5 in Conjurations
  4822 | D:4      | Found a shimmering altar of Xom.
  4835 | D:4      | Reached skill level 1 in Fighting
  4835 | D:4      | Reached skill level 1 in Poison Magic
  5101 | D:4      | Reached skill level 1 in Air Magic
  5115 | D:4      | Found a sparkling altar of Nemelex Xobeh.
  5236 | D:5      | Entered Level 5 of the Dungeon
  5306 | D:5      | Found a staircase to the Ecumenical Temple.
  5315 | Temple   | Entered the Ecumenical Temple
  5363 | Temple   | Became a worshipper of Vehumet
  5426 | D:5      | Noticed a hungry ghost
  5435 | D:5      | Killed a hungry ghost
  5435 | D:5      | Reached skill level 7 in Spellcasting
  5435 | D:5      | Reached XP level 7. HP: 35/38 MP: 10/19
  5443 | D:5      | Learned a level 3 spell: Stone Arrow
  5455 | D:5      | Noticed Menkaure
  5460 | D:5      | Killed Menkaure
  5495 | D:5      | Noticed Grinder
  6034 | D:5      | Reached skill level 1 in Earth Magic
  6037 | D:5      | Reached skill level 8 in Spellcasting
  6204 | D:5      | Found Sakosm's Food Boutique.
  6224 | D:5      | Reached XP level 8. HP: 34/44 MP: 14/22
  6530 | D:5      | Killed Grinder
  6928 | D:5      | Learned a level 5 spell: Lee's Rapid Deconstruction
  6980 | D:6      | Reached skill level 9 in Spellcasting
  7375 | D:6      | Reached skill level 10 in Spellcasting
  7917 | D:6      | Got a faintly glowing bone ring
  7957 | D:6      | Reached XP level 9. HP: 47/51 MP: 11/25
  7961 | D:6      | Identified the ring "Jififyism" {rElec rPois Int-4 Dex+4}
                  | (You found it on level 6 of the Dungeon)
  8200 | D:6      | Reached skill level 11 in Spellcasting
  8460 | D:7      | Reached * piety under Vehumet
  8460 | D:7      | Offered knowledge of Freeze by Vehumet.
  8463 | D:7      | Noticed Harold
  8602 | D:7      | Killed Harold
  8602 | D:7      | Reached skill level 1 in Armour
  8602 | D:7      | Reached skill level 5 in Earth Magic
  8718 | D:7      | Reached skill level 12 in Spellcasting
  8905 | D:7      | Noticed Dowan
  8907 | D:7      | Noticed Duvessa
  8911 | D:7      | Killed Duvessa
  8912 | D:7      | Killed Dowan
  9597 | D:8      | Noticed Pikel
 10013 | D:8      | Found the ring of the Mage {Wiz MR++ Int+3}
 10140 | D:8      | Reached XP level 10. HP: 58/58 MP: 16/28
 10197 | D:8      | Found a runed translucent gate.
 10199 | D:8      | Found a runed translucent gate.
 10199 | D:8      | Found a runed translucent gate.
 10199 | D:8      | Noticed funkygono's ghost (novice DrCj)
 10247 | D:8      | Found a glowing golden altar of the Shining One.
 10426 | D:8      | Noticed a nine-headed hydra
 10529 | D:8      | Killed Pikel
 10529 | D:8      | Reached skill level 13 in Spellcasting
 10623 | D:8      | Learned a level 2 spell: Swiftness
 10628 | D:8      | Learned a level 4 spell: Airstrike
 11514 | D:9      | Noticed Erica
 11519 | D:9      | Killed Erica
 11519 | D:9      | Reached skill level 5 in Fighting
 11522 | D:9      | Noticed Prince Ribbit
 12068 | D:9      | Noticed Grum
 12085 | D:9      | Killed Grum
 12161 | D:9      | Killed Prince Ribbit
 12451 | D:10     | Entered Level 10 of the Dungeon
 12560 | D:10     | Reached skill level 14 in Spellcasting
 12927 | D:10     | Reached ** piety under Vehumet
 12981 | D:10     | Offered knowledge of Searing Ray by Vehumet.
 13070 | D:10     | Reached XP level 11. HP: 46/64 MP: 1/31
 13756 | D:11     | Found Lykeot's Gadget Shoppe.
 14075 | D:11     | Offered knowledge of Dazzling Flash by Vehumet.
 14189 | D:11     | Gained mutation: Scrolls take you a little longer to read.
                  | [potion of mutation]
 14189 | D:11     | Gained mutation: Your flesh is cold resistant. (rC+)
                  | [potion of mutation]
 14189 | D:11     | Gained mutation: Your mind is acute. (Int +2) [potion of
                  | mutation]
 14189 | D:11     | Gained mutation: You are somewhat resistant to further
                  | mutation. [potion of mutation]
 14805 | D:11     | Reached skill level 15 in Spellcasting
 14964 | D:11     | Reached *** piety under Vehumet
 15308 | D:11     | Found a staircase to the Lair.
 15639 | D:11     | Learned a level 2 spell: Passwall
 15657 | D:12     | Reached skill level 16 in Spellcasting
 15661 | D:12     | You fall into a shaft and drop 1 floor!
 15821 | D:13     | Noticed a centaur warrior
 15832 | D:13     | Killed a centaur warrior
 15832 | D:13     | Offered knowledge of Olgreb's Toxic Radiance by Vehumet.
 16056 | D:12     | Found a gate leading to a gauntlet.
 16063 | Gauntlet | Entered a Gauntlet
 16063 | Gauntlet | Found a transporter.
 16063 | Gauntlet | Found a transporter.
 16125 | Gauntlet | Found a transporter.
 16139 | Gauntlet | Found a transporter.
 16140 | Gauntlet | Found a transporter.
 16146 | Gauntlet | Found a transporter.
 16159 | Gauntlet | Noticed a death scarab
 16161 | Gauntlet | Found a transporter.
 16162 | Gauntlet | Noticed a fire crab
 16166 | Gauntlet | Found a transporter.
 16172 | Gauntlet | Noticed a death scarab
 16185 | Gauntlet | Found a transporter.
 16189 | Gauntlet | Found a transporter.
 16190 | Gauntlet | Noticed a blizzard demon
 16235 | Gauntlet | Noticed a death scarab
 16236 | Gauntlet | Found a transporter.
 16261 | Gauntlet | Found a transporter.
 16354 | Gauntlet | Killed a blizzard demon
 16556 | Gauntlet | Killed a death scarab
 16556 | Gauntlet | Reached XP level 12. HP: 71/71 MP: 26/34
 16558 | Gauntlet | Reached skill level 17 in Spellcasting
 16574 | Gauntlet | Mangled by a death scarab

Illustrated notes

Levels and vault maps discovered:
D:1:      eino_arrival_druids_welcome, layout_basic, corner_web_ring
D:2:      layout_rooms, nicolae_overflow_crystal_walls,
          nicolae_overflow_hidden_temple, serial_rivers,
          chequers_serial_rivers_micro_d, chequers_serial_rivers_large_a,
          chequers_serial_rivers_micro_a, chequers_serial_rivers_micro_b,
          chequers_serial_rivers_micro_b, first_ration, uniq_jessica
D:3:      layout_basic, nicolae_ru_great_annihilating_truth
D:4:      layout_cave_pods, gammafunk_temple_overflow_elements,
          brannock_xom_greatest_gift, minivault_19, nemelex_dance_club_becter
D:5:      layout_layer_cave, minmay_temple_entry_statues_pillars, serial_bayou,
          serial_bayou_ford_a, serial_bayou_pond_c, serial_bayou_pond_b,
          serial_bayou_crossing, serial_shops, nicolae_shop_statue_plus,
          grunt_ministairs_6, uniq_grinder, uniq_menkaure
D:6:      layout_basic, abandoned_shop
D:7:      layout_rooms, the_bakery, st_stairs_9, uniq_harold, uniq_duvessa
D:8:      layout_basic, tso_oasis_becter, gammafunk_ghost_hydra_chop, uniq_pikel
D:9:      layout_stronghold, kennysheep_generic_room_4, uniq_grum,
          uniq_prince_ribbit1, uniq_erica
D:10:     layout_loops_ring
D:11:     cheibrodos_helix_gallery, layout_loops_ring, david_lair_shrubbed,
          serial_shops, shop_fountains, kennysheep_generic_room_15
D:12:     layout_stronghold, orc_0_dummy, gauntlet_entry_generic, minmay_holes,
          uniq_psyche
D:13:     layout_loops_cross
Temple:   compressed_dpeg_circular_temple
Gauntlet: gammafunk_gauntlet_shortcut [gammafunk_gauntlet_arena_split_x,
          nicolae_gauntlet_arena_t_cross, nicolae_gauntlet_arena_quarters,
          gammafunk_gauntlet_arena_mazey, gammafunk_gauntlet_arena_spirals,
          nicolae_gauntlet_arena_grate_2, gauntlet_exit_hidden_loot]

Skill      XL: |  1  2  3  4  5  6  7  8  9 10 11 12 |
---------------+-------------------------------------+-----
Spellcasting   | 5 6 7 8 10 12 14 16 17 | 17.0
Dodging        | 3 |  3.0
Stealth        | 3 |  3.0
Conjurations   | 2 3 4 5 6 |  6.0
Hexes          | 1 |  1.0
Fire Magic     | 1 |  1.0
Fighting       | 1 2 3 4 5 6 |  6.8
Poison Magic   | 1 2 |  2.0
Air Magic      | 1 2 3 4 |  4.0
Earth Magic    | 1 4 6 7 8 |  8.0
Armour         | 2 3 4 |  4.0
Summonings     | |  1.1
Translocations | |  1.1

Action                   |  1- 3 |  4- 6 |  7- 9 | 10-12 || total
-------------------------+-------+-------+-------+-------++-------
Melee: Unarmed           |     7 |       |       |       ||     7
       Dagger            |     9 |     2 |       |    15 ||    26
 Cast: Magic Dart        |   109 |   174 |   117 |    99 ||   499
       Blink             |     1 |       |     1 |     2 ||     4
       Slow              |       |     4 |       |       ||     4
       Conjure Flame     |       |     1 |       |       ||     1
       Stone Arrow       |       |       |   110 |    96 ||   206
       Lee's Rapid Decon |       |       |     6 |    61 ||    67
       Mephitic Cloud    |       |       |     3 |    17 ||    20
       Airstrike         |       |       |       |    28 ||    28
       Swiftness         |       |       |       |     1 ||     1
  Use: Scroll            |       |     5 |     4 |     5 ||    14
       Potion            |       |     1 |       |     7 ||     8
 Stab: Sleeping          |     2 |       |       |       ||     2
       Paralysed         |       |     1 |       |       ||     1
       Confused          |       |       |       |     1 ||     1
  Eat: Chunk             |     3 |    10 |    12 |    10 ||    35
       Ration            |       |       |     1 |     4 ||     5
Armor: Robe              |    16 |     5 |     1 |     8 ||    30
       Steam dragon scal |       |       |       |    11 ||    11
Dodge: Dodged            |    27 |    23 |    25 |    57 ||   132
Block: Other             |       |       |       |    21 ||    21
       Reflection        |       |       |       |     5 ||     5
